 Dungeon Crawl Stone Soup version 0.31-a0-187-gba352fbbf7 (webtiles) character file.

Game seed: 6627513913841188136

141 qw the Skirmisher (level 5, -4/29 HPs)
             Began as a Deep Elf Hunter on June 22, 2023.
             Slain by a gnoll
             ... wielding a +0 halberd
              (5 damage)
             ... on level 3 of the Dungeon.
             The game lasted 00:00:41 (1822 turns).

qw the Skirmisher (Deep Elf Hunter)                 Turns: 1822, Time: 00:00:42

Health: -4/29      AC:  5    Str: 10    XL:     5   Next: 3%
Magic:  7/7        EV: 11    Int: 14    God:
Gold:   132        SH:  0    Dex: 18    Spells: 4/4 levels left

rFire   . . .        Y - +0 shortbow (flame)
rCold   . . .        (shield currently unavailable)
rNeg    . . .        d - +0 ring mail
rPois   .            (no helmet)
rElec   .            (no cloak)
rCorr   .            (no gloves)
SInv    .            (no boots)
Will    .....        (no amulet)
Stlth   +            (no ring)
HPRegen 0.24/turn    (no ring)
MPRegen 0.10/turn

%: no passive effects
@: no status effects
A: no striking features
a: no special abilities


You were on level 3 of the Dungeon.
You visited 1 branch of the dungeon, and saw 3 of its levels.

You collected 132 gold pieces.


   Skills:
 - Level 1.5 Fighting
 + Level 8.4 Ranged Weapons
 - Level 2.4 Dodging
 - Level 1.2 Stealth


You had 4 spell levels left.
You didn't know any spells.
Your spell library was empty.

Inventory:

Hand Weapons
 Y - a +0 shortbow of flaming (weapon)
Armour
 d - a +0 ring mail (worn)
Potions
 a - a potion of might
 b - a potion of attraction {unknown}
 c - a potion of haste {unknown}
 e - a potion of mutation {unknown}

Dungeon Overview and Level Annotations

Branches:
Dungeon (3/15)

Altars:

Annotations:
D:2 1 runed translucent door, Crazy Yiuf


Message History

You shoot an arrow. The arrow barely misses the gnoll.
The arrow hits the gnoll.
The arrow burns the gnoll.
You kill the gnoll!
The gnoll closely misses you.
You shoot an arrow.
The arrow hits the gnoll but does no damage.
The gnoll is severely wounded.
The gnoll hits you but does no damage.
You shoot an arrow. The arrow barely misses the gnoll.
The arrow hits the gnoll.
The arrow burns the gnoll.
You kill the gnoll!
The gnoll hits you with a +0 club. x2
You shoot an arrow. The arrow closely misses the gnoll.
The arrow hits the gnoll.
The arrow burns the gnoll.
The gnoll is lightly wounded.
The gnoll misses you. The gnoll hits you but does no damage.
You shoot an arrow. The arrow closely misses the gnoll. x2
The gnoll barely misses you.
You shoot an arrow. The arrow barely misses the gnoll.
The gnoll hits you from afar with a +0 halberd.
The gnoll hits you with a +0 club.
You shoot an arrow. The arrow closely misses the gnoll.
The gnoll misses you. The gnoll closely misses you.
You shoot an arrow. The arrow hits the gnoll!
The arrow burns the gnoll.
You kill the gnoll!
The gnoll closely misses you.
The gnoll hits you from afar with a +0 halberd.
You have reached level 5!
You shoot an arrow.
The arrow hits the gnoll but does no damage.
The gnoll is lightly wounded.
The gnoll closely misses you.
You shoot an arrow. The arrow barely misses the gnoll.
The gnoll hits you from afar with a +0 halberd.
You shoot an arrow. The arrow hits the gnoll.
The arrow burns the gnoll.
The gnoll is heavily wounded.
The gnoll hits you from afar with a +0 halberd.
You shoot an arrow. The arrow closely misses the gnoll.
The gnoll hits you from afar with a +0 halberd.
You die...

##### #...#
#...###########.
#...#...@%g..).)
#.......).#####.
#)........#
#.........#
#.........#
#...#.#####
#...#.# #...#.#
####...#.#######


You could see a gnoll.

Vanquished Creatures
  3 gnolls (D:3)
  4 adders
  2 worms (D:2)
  2 dart slugs
  4 orcs (D:3)
  6 ball pythons
  4 bats
  4 endoplasms
  4 giant cockroaches
  7 goblins
  4 hobgoblins
  3 quokkas
  4 frilled lizards
  5 kobolds
  8 rats
64 creatures vanquished.

Notes
Turn   | Place    | Note
-------+----------+-------------------------------------------
     0 | D:1      | qw the Deep Elf Hunter began the quest for the Orb.
     0 | D:1      | Reached XP level 1. HP: 12/12 MP: 3/3
     0 | D:1      | 0 ||| qw: Version: 0.3-a-9-g12657ce
     0 | D:1      | 0 ||| qw: Game counter: 2198
     0 | D:1      | 0 ||| qw: Always use a shield: true
     0 | D:1      | 0 ||| qw: God list: Okawaru
     0 | D:1      | 0 ||| qw: Allow faded altars: false
     0 | D:1      | 0 ||| qw: Do Orc after D:15 true
     0 | D:1      | 0 ||| qw: Do second Lair branch before Depths: true
     0 | D:1      | 0 ||| qw: Lair rune preference: random
     0 | D:1      | 0 ||| qw: Plans: Normal
     0 | D:1      | 0 ||| PLANNING D:1-11
    97 | D:1      | Reached skill level 6 in Ranged Weapons
    97 | D:1      | Reached XP level 2. HP: 16/16 MP: 4/4
   411 | D:1      | You fall into a shaft and drop 1 floor!
   462 | D:2      | 462 ||| DROPPING ring of magical power.
   463 | D:2      | 463 ||| READING scroll labelled RUESKE PAMNAMEAR.
   464 | D:2      | 464 ||| DROPPING scroll of butterflies.
   473 | D:2      | Reached XP level 3. HP: 13/20 MP: 5/5
   593 | D:2      | 593 ||| DRINKING 2 lumpy purple potions.
   594 | D:2      | 594 ||| DROPPING potion of brilliance.
   612 | D:2      | Reached skill level 7 in Ranged Weapons
  1142 | D:1      | 1142 ||| DRINKING 2 golden potions.
  1213 | D:2      | Reached XP level 4. HP: 25/25 MP: 6/6
  1648 | D:2      | Found a runed translucent door.
  1649 | D:2      | Noticed Crazy Yiuf
  1652 | D:2      | 1652 ||| UPGRADING to +0 ring mail.
  1662 | D:2      | 1662 ||| DROPPING +0 leather armour.
  1731 | D:3      | Identified the +8 whip "Hosuocuu" {flame, Dex+3}
  1805 | D:3      | Reached skill level 8 in Ranged Weapons
  1819 | D:3      | Reached XP level 5. HP: 9/29 MP: 7/7
  1820 | D:3      | HP: 4/29 [gnoll/+0 halberd (5)]
  1821 | D:3      | HP: 1/29 [gnoll/+0 halberd (4)]
  1822 | D:3      | Slain by a gnoll

Levels and vault maps discovered:
D:1:      elethiomel_arrival_maze, layout_loops_ring
D:2:      minmay_inner_zag, layout_basic, amcnicky_mini_rare_corridor_liquid,
          uniq_crazy_yiuf_cottage
D:3:      layout_basic, serial_shops, nicolae_shop_stone, minmay_close_crescents

Skill      XL: |  1  2  3  4 |
---------------+-------------+-----
Ranged Weapons | 6 7 8 |  8.4
Fighting       | |  1.5
Dodging        | |  2.4
Stealth        | |  1.2

Action                     |  1- 3 |  4- 6 || total
---------------------------+-------+-------++-------
   Fire: Shortbow          |   119 |    51 ||   170
    Use: Scroll            |     1 |       ||     1
         Potion            |     2 |       ||     2
 Armour: Leather armour    |     7 |       ||     7
         Ring mail         |       |     2 ||     2
  Dodge: Dodged            |    28 |    10 ||    38

Table legend:
 A = Non-vault XP
 B = Vault XP
 C = Vault XP percentage of total XP
 D = Non-vault monster count
 E = Vault monster count
 F = Vault count percentage of total count
                 A         B        C        D         E       F
            +---------+---------+-------+---------+---------+-------
      Total |     185 |      17 |   8.4 |      61 |       3 |   4.7
            +---------+---------+-------+---------+---------+-------
        D:1 |      44 |       0 |   0.0 |      28 |       0 |   0.0
        D:2 |      67 |      17 |  20.2 |      21 |       3 |  12.5
        D:3 |      74 |       0 |   0.0 |      12 |       0 |   0.0
            +---------+---------+-------+---------+---------+-------
